 Dungeon Sprint DCSS version 0.27-a0-1332-g84bddb5ca7 (webtiles) character file.

Game seed: 12275675354311361104

835 mhtbhm the Geomancer (level 7, -4/37 HPs)
             Began as a Deep Elf Earth Elementalist on June 25, 2021.
             Was a Believer of Vehumet.
             Slain by a meliai (7 damage)
             ... in the Dungeon (Sprint IX: "|||||||||||||||||||||||||||||").
             The game lasted 00:01:41 (659 turns).

mhtbhm the Geomancer (Deep Elf Earth Elementalist)   Turns: 659, Time: 00:01:42

Health: -4/37      AC:  6    Str:  8    XL:     7   Next: 66%
Magic:  20/25      EV: 14    Int: 22    God:    Vehumet [**....]
Gold:   0          SH:  0    Dex: 15    Spells: 17/32 levels left

rFire    . . .     SeeInvis .   a - +2 rapier (venom)
rCold    . . .     Faith    .   (no shield)
rNeg     . . .     Spirit   .   b - +0 robe
rPois    .         Reflect  .   (no helmet)
rElec    .         Harm     .   n - +0 cloak
rCorr    .         Rampage  .   m - +0 pair of gloves
Will     .....     NoTele   +   (no boots)
Stlth    +++.......             (no amulet)
HPRegen  0.12/turn              o - +3 ring of strength
MPRegen  0.19/turn              p - +2 ring of protection

@: no status effects
A: no striking features
a: Renounce Religion


You were in the Dungeon.
You worshipped Vehumet.
Vehumet was pleased with you.
You visited 1 branch

Inventory:

Hand Weapons
 a - a +2 rapier of venom (weapon)
Missiles
 i - 9 stones
Armour
 b - a +0 robe (worn)
 m - a +0 pair of gloves (worn)
 n - a +0 cloak (worn)
Jewellery
 o - a +3 ring of strength (left hand)
 p - a +2 ring of protection (right hand)
Wands
 l - a wand of iceblast (8)
Scrolls
 h - 2 scrolls of blinking
 k - 2 scrolls of amnesia
Potions
 c - 5 potions of curing
 d - a potion of invisibility
 e - a potion of haste
 f - 3 potions of magic
 g - a potion of berserk rage


   Skills:
 + Level 0.7 Fighting
 + Level 5.6 Dodging
 + Level 5.9 Stealth
 + Level 13.0 Spellcasting
 + Level 2.2 Transmutations
 + Level 13.0 Earth Magic
 + Level 0.4 Evocations


You had 17 spell levels left.
You knew the following spells:

 Your Spells              Type           Power      Damage    Failure   Level
a - Sandblast             Erth           100%       2d20      1%          1
b - Passwall              Tmut/Erth      40%        N/A       1%          2
c - Stone Arrow           Conj/Erth      86%        3d12      1%          3
d - Lee's Rapid Deconstr  Erth           32%        3d17*     1%          5
e - Petrify               Tmut/Erth      48%        N/A       1%          4

Your spell library contained the following spells:

 Spells                   Type           Power      Damage    Failure   Level
 Static Discharge         Conj/Air       14%        N/A       7%          2


Dungeon Overview and Level Annotations

Branches:
Dungeon (1/1)

Altars:
Cheibriados
Dithmenos
Elyvilon
Fedhas
Gozag
Hepliaklqana
Kikubaaqudgha
Makhleb
Nemelex Xobeh
Okawaru
Qazlal
Ru
Sif Muna
Trog
Uskayaw
Vehumet
Wu Jian
Xom
Yredelemnul
Zin
The Shining One
Beogh
Jiyva
Lugonu


Message History

You see here a +1 chain mail.
A quokka zombie is nearby!
A quokka zombie is nearby!
There is an open door to the Dungeon here.
You puncture the quokka zombie!
You destroy the quokka zombie!
Vehumet accepts your kill.
Vehumet offers you knowledge of Static Discharge.
Unknown command.
You start waiting.
Okay, then.
You open the door.
A manticore, 2 centaur warriors, a cyclops and a meliai come into view.
The meliai buzzes angrily.
The meliai hits you with a +0 war axe!!
Ouch! That really hurt!
The meliai stings you but does no damage.
The centaur warrior shouts!
Unknown command.
You feel much better.
The meliai mumbles some strange prayers to its god against you.
Something smites you! The meliai misses you. The meliai stings you!
Casting: Sandblast (safe; 1% risk of failure)
Confirm with . or Enter, or press ? or * to list all spells.
Aiming: Lee's Rapid Deconstruction (dangerous; 1% risk of failure)
Press: ? - help, Dir - move target, f - centaur warrior Fragment what (e.g. wall or brittle monster)?: a centaur warrior, quivering arrows An open door.
The stone door frame shatters!
The blast of rock fragments hits the centaur warrior!!
The centaur warrior is heavily wounded.
The blast of rock fragments hits the meliai!!
The meliai is almost dead.
You hear a shout!
The meliai mumbles some strange prayers to its god against you.
Something smites you!
* * * LOW HITPOINT WARNING * * *
The meliai barely misses you. The meliai stings you!
You die...

▓.▓
▓c▓
▓.▓
▓H▓
▓C▓
▓.▓
▓c▓
▓y▓
▓@▓
▓.▓
▓.▓
▓.▓
▓.▓
▓'▓
▓.▓
▓.▓
▓[▓


You could see 2 centaur warriors, a manticore, a cyclops and a meliai.

Vanquished Creatures
  A troll (D)
  2 shadows (D)
  A sky beast (D)
  A black bear (D)
  A phantom (D)
  A howler monkey (D)
  A jelly (D)
  A ball python (D)
  An endoplasm (D)
  A kobold (D)
  A quokka (D)
  A ball python zombie (D)
  A quokka zombie (D)
  2 rats (D)
16 creatures vanquished.

Notes
Turn   | Place    | Note
-------+----------+-------------------------------------------
     0 | D        | mhtbhm the Deep Elf Earth Elementalist began the quest for
                  | the Orb.
     0 | D        | Reached XP level 1. HP: 10/10 MP: 6/6
   172 | D        | Noticed a sky beast
   172 | D        | Noticed a black bear
   172 | D        | Noticed a phantom
   172 | D        | Noticed a jelly
   174 | D        | Killed a jelly
   175 | D        | Reached XP level 2. HP: 15/15 MP: 4/9
   175 | D        | Reached XP level 3. HP: 19/19 MP: 4/11
   178 | D        | Killed a phantom
   179 | D        | Reached XP level 4. HP: 3/24 MP: 0/14
   186 | D        | Killed a black bear
   187 | D        | Reached XP level 5. HP: 26/28 MP: 13/18
   190 | D        | Killed a sky beast
   191 | D        | Reached skill level 5 in Stealth
   191 | D        | Reached skill level 10 in Earth Magic
   191 | D        | Reached XP level 6. HP: 21/32 MP: 10/20
   254 | D        | Found a snail-covered altar of Cheibriados.
   254 | D        | Found a shadowy altar of Dithmenos.
   254 | D        | Found a white marble altar of Elyvilon.
   254 | D        | Found a blossoming altar of Fedhas.
   254 | D        | Found an opulent altar of Gozag.
   255 | D        | Found a hazy altar of Hepliaklqana.
   256 | D        | Found a viscous altar of Jiyva.
   257 | D        | Found an ancient bone altar of Kikubaaqudgha.
   258 | D        | Found a corrupted altar of Lugonu.
   259 | D        | Found a burning altar of Makhleb.
   260 | D        | Found a sparkling altar of Nemelex Xobeh.
   261 | D        | Found an iron altar of Okawaru.
   262 | D        | Found a stormy altar of Qazlal.
   263 | D        | Found a sacrificial altar of Ru.
   264 | D        | Found a shimmering blue altar of Sif Muna.
   265 | D        | Found a bloodstained altar of Trog.
   266 | D        | Found a hide-covered altar of Uskayaw.
   267 | D        | Found a radiant altar of Vehumet.
   268 | D        | Found an ornate altar of the Wu Jian Council.
   269 | D        | Found a shimmering altar of Xom.
   270 | D        | Found a basalt altar of Yredelemnul.
   271 | D        | Found a glowing silver altar of Zin.
   272 | D        | Found a glowing golden altar of the Shining One.
   279 | D        | Became a worshipper of Vehumet
   320 | D        | Noticed a shadow
   320 | D        | Noticed a shadow
   320 | D        | Noticed a troll
   325 | D        | Learned a level 2 spell: Passwall
   329 | D        | Learned a level 3 spell: Stone Arrow
   335 | D        | Learned a level 5 spell: Lee's Rapid Deconstruction
   340 | D        | Learned a level 4 spell: Petrify
   343 | D        | Killed a troll
   344 | D        | Reached skill level 5 in Dodging
   345 | D        | Killed a shadow
   346 | D        | Reached XP level 7. HP: 37/37 MP: 0/24
   348 | D        | Reached * piety under Vehumet
   348 | D        | Offered knowledge of Freeze by Vehumet.
   359 | D        | Killed a shadow
   594 | D        | Offered knowledge of Static Discharge by Vehumet.
   594 | D        | Reached ** piety under Vehumet
   656 | D        | Noticed a centaur warrior
   656 | D        | Noticed a manticore
   656 | D        | Noticed a cyclops
   656 | D        | Noticed a centaur warrior
   656 | D        | Noticed a meliai
   659 | D        | Slain by a meliai

Illustrated notes

Levels and vault maps discovered:
D:        linesprint [early_d, line_temple, items_1, d_10, items_2, lair_1,
          lair_end, items_3, orc_1, orc_end, items_4, d_15, swamp_1, shoals_1,
          snake_1, spider_1, d_20, vaults_1, items_5, swamp_end, shoals_end,
          snake_end, spider_end, vaults_end, d_27, items_6, zot_1, zot_end,
          crypt_end, forest_end, elf_end, slime_end, tomb_end, abyss_end,
          pan_hell_end]

Skill      XL: |  1  2  3  4  5  6  7 |
---------------+----------------------+-----
Earth Magic    | 6 8 9 10 12 13 | 13.0
Stealth        | 3 4 5 |  5.9
Spellcasting   | 4 6 8 9 12 13 | 13.0
Dodging        | 3 4 5 |  5.6
Transmutations | 2 |  2.2
Fighting       | |  0.7
Evocations     | |  0.4

Action                   |  1- 3 |  4- 6 |  7- 9 || total
-------------------------+-------+-------+-------++-------
Melee: Rapier            |       |       |     1 ||     1
 Cast: Sandblast         |    12 |     6 |     3 ||    21
       Lee's Rapid Decon |       |     4 |     1 ||     5
Evoke: Wand              |       |       |     2 ||     2
  Use: Potion            |       |     2 |     2 ||     4
Armor: Robe              |       |       |     1 ||     1
Dodge: Dodged            |     1 |     3 |     4 ||     8

Table legend: (Time is in decaauts)
 A = Elapsed time spent in this place.
 B = Non-inter-level travel time spent in this place.
 C = Inter-level travel time spent in this place.
 D = Time resting spent in this place.
 E = Time spent auto-exploring this place.
 F = Levels seen in this place.
 G = Mean time per level.
                   A        B        C        D        E       F      G
               +--------+--------+--------+--------+--------+-----+--------+
         Total |    657 |    657 |      0 |    475 |      8 |   1 |  657.0 |
       Dungeon |    657 |    657 |      0 |    475 |      8 |   1 |  657.0 |
               +--------+--------+--------+--------+--------+-----+--------+

Top non-repeatable levels by time:
       D: 657 daAuts
